 Dungeon Crawl Stone Soup version 0.29.1-13-g9f3cf754e1 (webtiles) character file.

Game seed: 16637821405329593958

1894 theswoord the Cruncher (level 8, -8/56 HPs)
             Began as a Demonspawn Gladiator on Jan 23, 2023.
             Was an Initiate of Okawaru.
             Mangled by an ogre
             ... wielding a +0 giant club
              (14 damage)
             ... on level 6 of the Dungeon.
             The game lasted 00:13:52 (6772 turns).

theswoord the Cruncher (Demonspawn Gladiator)       Turns: 6772, Time: 00:13:53

Health: -8/56      AC: 10    Str: 16    XL:     8   Next: 93%
Magic:  0/8        EV:  5    Int: 10    God:    Okawaru [......]
Gold:   266        SH:  0    Dex: 15    Spells: 7/7 levels left

rFire   . . .      SeeInvis +   a - +0 quarterstaff
rCold   . . .      Faith    .   (shield currently unavailable)
rNeg    . . .      Spirit   +   k - +0 plate armour
rPois   +          Reflect  .   (helmet restricted)
rElec   .          Harm     .   p - scarf {repulsion}
rCorr   .          Rampage  .   (no gloves)
Will    .....                   (no boots)
Stlth   ..........              (no amulet)
HPRegen 0.18/turn               m - ring of see invisible
MPRegen 0.22/turn               r - ring of poison resistance

@: mighty, lethally poisoned (-8 -> -10), repel missiles
A: antennae 1, claws 1, magic shield, magic regeneration, weakness stinger 1
a: Renounce Religion


You were on level 6 of the Dungeon.
You worshipped Okawaru.
Okawaru was noncommittal.
You visited 2 branches of the dungeon, and saw 7 of its levels.
You also visited: Ossuary.

You collected 266 gold pieces.

Inventory:

Hand Weapons
 a - a +0 quarterstaff (weapon)
Missiles
 d - a throwing net
 e - 2 javelins (quivered)
Armour
 b - a +0 leather armour
 c - a +0 helmet
 k - a +0 plate armour (worn)
 p - a scarf of repulsion (worn)
Jewellery
 h - a ring of fire
 l - a ring of ice
 m - a ring of see invisible (left claw)
 r - a ring of poison resistance (right claw)
 w - an amulet of the acrobat
 z - an amulet of reflection
Wands
 v - a wand of digging (6)
Scrolls
 f - 3 scrolls of fear
 o - 3 scrolls of immolation {unknown}
 x - a scroll of magic mapping {unknown}
 y - a scroll of amnesia {unknown}
Potions
 g - 2 potions of lignification
 i - 10 potions of curing
 n - 2 potions of brilliance
 q - 3 potions of attraction
 s - a potion of flight {unknown}
 t - a potion of experience {unknown}
 u - 3 potions of heal wounds {unknown}


   Skills:
 - Level 2.0 Fighting
 + Level 11.0 Staves
 - Level 1.7 Throwing
 - Level 2.6 Dodging


You had 7 spell levels left.
You didn't know any spells.
Your spell library contained the following spells:

 Spells                   Type           Power      Damage    Failure   Level
 Sublimation of Blood     Necr           0%         N/A       100%        2
 Agony                    Necr           0%         N/A       100%        5
 Summon Small Mammal      Summ           Unusable   N/A       N/A         1
 Summon Ice Beast         Ice/Summ       Unusable   N/A       N/A         4

Dungeon Overview and Level Annotations

Branches:
Dungeon (6/15)             Temple (1/1) D:5         Ossuary (visited)

Altars:
Dithmenos
Fedhas
Hepliaklqana
Kikubaaqudgha
Makhleb
Nemelex Xobeh
Okawaru
Ru
Trog
Xom
Yredelemnul

Shops:
D:2 *


Innate Abilities, Weirdness & Mutations

You have a pair of small antennae on your head.
You have sharp fingernails.
When hurt, damage is shared between your health and your magic reserves.
You regenerate magic rapidly.
You have a small tail.


Message History

You throw a javelin. The javelin pierces through the ogre!
The ogre is moderately wounded.
The adder bites you but does no damage.
You barely miss the adder. You tail-slap the adder!
The adder is severely wounded.
The adder bites you but does no damage.
You closely miss the adder.
The adder is severely wounded.
The adder bites you but does no damage.
You barely miss the adder.
The adder is severely wounded.
The adder bites you.
* * * LOW HITPOINT WARNING * * *
You hit the adder.
The adder is almost dead.
The adder bites you but does no damage.
You closely miss the adder.
The adder is almost dead.
The adder bites you but does no damage.
You closely miss the adder.
The adder is almost dead.
The adder bites you.
* * * LOW HITPOINT WARNING * * *
You are poisoned.
The adder poisons you!
You sock the adder!
You kill the adder!
Okawaru accepts your kill.
You feel sick.
You sock the ogre!
The ogre is severely wounded.
You feel sick. The ogre hits you with a +0 giant club!
* * * LOW HITPOINT WARNING * * *
You hit the ogre.
The ogre is severely wounded.
You feel sick.
You barely miss the ogre.
The ogre is severely wounded.
You feel sick. The ogre hits you with a +0 giant club!
You die...

#.........#.#.#.#.#..<#
#.........#.#.#.#.#.#.#
##+####.....#.#.......#
#)###.#.......#.#
##.####รท###########...#
#............... . ..#
#............... .. ...
#..#####'######### ....
#. #..@O.....(..
#..##'##'###.
#..#S..?...#
#..#.......#
#..#.......#
#..#.......#
'.!#.......#
#..#.......# #.......#


You could see an ogre.

Vanquished Creatures
  Duvessa (D:4)
  4 ogres
  A phantom (D:5)
  A necrophage (D:5)
  9 scorpions
  Dowan (D:4)
  2 howler monkeys
  2 centaur zombies (Ossuary)
  4 hounds
  A human zombie (Ossuary)
  A jelly (D:4)
  2 orc priests (D:5)
  An iguana (D:4)
  3 scorpion zombies (Ossuary)
  3 orc wizards (D:4)
  3 mummies (Ossuary)
  3 adders
  4 gnolls (D:4)
  A white imp (D:6)
  3 dart slugs
  8 orcs
  2 endoplasms
  6 giant cockroaches
  3 gnoll zombies (Ossuary)
  8 goblins
  5 hobgoblins
  3 jackals (D:4)
  5 quokkas
  6 ball pythons
  A bat (D:1)
  4 frilled lizards
  3 hobgoblin zombies (Ossuary)
  10 kobolds
  A kobold zombie (Ossuary)
  5 orc zombies (Ossuary)
  6 rats
126 creatures vanquished.

Notes
Turn   | Place    | Note
-------+----------+-------------------------------------------
     0 | D:1      | theswoord the Demonspawn Gladiator began the quest for the
                  | Orb.
     0 | D:1      | Reached XP level 1. HP: 16/16 MP: 1/1
   130 | D:1      | Reached skill level 3 in Staves
   159 | D:1      | Gained mutation: You regenerate magic rapidly. [demonic
                  | ancestry]
   159 | D:1      | Reached XP level 2. HP: 19/22 MP: 2/2
   457 | D:1      | Found a faded altar of an unknown god.
  1055 | D:2      | Discovered your monstrous ancestry.
  1055 | D:2      | Gained mutation: You have a small tail. [demonic ancestry]
  1055 | D:2      | Reached XP level 3. HP: 26/27 MP: 3/3
  1074 | D:2      | Found Sal Opyfi's Assorted Antiques.
  1234 | D:2      | Found a hazy altar of Hepliaklqana.
  1414 | D:2      | Reached skill level 4 in Staves
  1820 | D:2      | Reached XP level 4. HP: 33/33 MP: 4/4
  1958 | D:3      | Found a blossoming altar of Fedhas.
  2094 | D:3      | Found an ancient bone altar of Kikubaaqudgha.
  2362 | D:3      | Found a burning altar of Makhleb.
  2632 | D:4      | Found a hazy altar of Hepliaklqana.
  2692 | D:4      | Reached skill level 5 in Staves
  2695 | D:4      | Gained mutation: You have sharp fingernails. [demonic
                  | ancestry]
  2695 | D:4      | Reached XP level 5. HP: 30/38 MP: 5/5
  2707 | D:4      | Noticed an ogre
  2722 | D:4      | Killed an ogre
  2723 | D:4      | Reached skill level 6 in Staves
  2730 | D:4      | Reached XP level 6. HP: 28/44 MP: 6/6
  2796 | D:4      | Found a sand-covered staircase.
  2801 | Ossuary  | Entered an ossuary
  2896 | Ossuary  | Reached skill level 7 in Staves
  3151 | Ossuary  | Gained mutation: When hurt, damage is shared between your
                  | health and your magic reserves. [demonic ancestry]
  3151 | Ossuary  | Reached XP level 7. HP: 32/50 MP: 7/7
  3605 | Ossuary  | Reached skill level 8 in Staves
  4075 | D:4      | Noticed Duvessa
  4076 | D:4      | Noticed Dowan
  4095 | D:4      | Killed Duvessa
  4096 | D:4      | Reached skill level 9 in Staves
  4096 | D:4      | Gained mutation: You have a pair of small antennae on your
                  | head. [demonic ancestry]
  4096 | D:4      | Reached XP level 8. HP: 35/56 MP: 5/8
  4106 | D:4      | Killed Dowan
  5016 | D:5      | Entered Level 5 of the Dungeon
  5089 | D:5      | Reached skill level 10 in Staves
  5647 | D:5      | Found a staircase to the Ecumenical Temple.
  5656 | D:5      | Got the Compilation of Collective Shadows
  5659 | Temple   | Entered the Ecumenical Temple
  5755 | Temple   | Became a worshipper of Warmaster Okawaru
  6515 | D:6      | Reached skill level 11 in Staves
  6772 | D:6      | Mangled by an ogre

Skill      XL: |  1  2  3  4  5  6  7  8 |
---------------+-------------------------+-----
Staves         | 3 4 5 6 7 9 11 | 11.0
Fighting       | |  2.0
Throwing       | |  1.7
Dodging        | |  2.6

Action                   |  1- 3 |  4- 6 |  7- 9 || total
-------------------------+-------+-------+-------++-------
Melee: Quarterstaff      |   101 |   102 |   262 ||   465
       Tailslap          |     5 |    14 |    54 ||    73
Throw: Throwing net      |       |     2 |     1 ||     3
       Javelin           |       |       |     2 ||     2
  Use: Scroll            |       |     7 |     5 ||    12
       Potion            |       |     2 |     1 ||     3
 Stab: Held in net/web   |       |     2 |       ||     2
Armor: Leather armour    |    13 |       |       ||    13
       Plate armour      |    25 |    67 |   133 ||   225
Dodge: Dodged            |    64 |    38 |    41 ||   143
       Repelled          |       |       |     1 ||     1

Levels and vault maps discovered:
D:1:      minmay_arrival_jagged, layout_basic,
          shapermc_ecumenical_altar_mp_urbaneastern, minmay_misc_feat_rugged,
          minmay_pentomino_o2
D:2:      minmay_diamond_boxcup, layout_loops_cross, serial_shops,
          nicolae_shop_hallway_stairs, basic_altar, grunt_ministairs_15
D:3:      layout_basic, mainiacjoe_overflow_catwalk, lemuel_doored_altar,
          lightli_temple_of_fire
D:4:      layout_basic, mainiacjoe_overflow_brackets, enter_ossuary_2,
          minmay_misc_feat_five, uniq_duvessa
D:5:      layout_basic, minmay_temple_entry_offerings
D:6:      layout_basic, led_sif_book, serial_shops, nicolae_shop_waterfront
Temple:   nicolae_temple_figure_zero
